 Dungeon Crawl Stone Soup version 0.30.0-19-gbf45117a57 (webtiles) character file.

Game seed: 11183896367438955068

89850 qw the Peltast (level 15, -46/96 HPs)
             Began as a Gargoyle Fighter on May 23, 2023.
             Was an Elder of Okawaru.
             Annihilated by Donald
             ... wielding a +2 heavy broad axe
              (53 damage)
             ... on level 2 of the Orcish Mines.
             The game lasted 00:12:25 (23337 turns).

qw the Peltast (Gargoyle Fighter)                  Turns: 23337, Time: 00:12:26

Health: -46/96     AC: 32    Str: 26    XL:     15   Next: 98%
Magic:  22/22      EV: 11    Int:  3    God:    Okawaru [****..]
Gold:   734        SH: 20    Dex:  9    Spells: 14/14 levels left

rFire   + . .        Y - +0 broad axe
rCold   . . .        C - +0 tower shield
rNeg    + . .        t - +3 chain mail "Vikisiowny" {rPois Regen+ Int-5 Slay+2}
rPois   inf          (helmet restricted)
rElec   +            (no cloak)
rCorr   .            h - +1 pair of gloves
SInv    .            r - +0 pair of boots
Will    ++...        x - amulet of the acrobat Stlth
                     v - +4 ring of slaying {mikee}
HPRegen 1.16/turn    m - ring of protection from fire
MPRegen 0.18/turn

%: acrobat
@: about to teleport, heroic, flying
A: sickness immunity, AC +11, big wings, negative energy resistance 1,
electricity resistance, torment resistance 1, petrification resistance, horns 1,
dopey 1, strong-willed 1
a: Renounce Religion, Heroism, Finesse


You were on level 2 of the Orcish Mines.
You worshipped Okawaru.
Okawaru was greatly pleased with you.
You visited 4 branches of the dungeon, and saw 23 of its levels.

You collected 2134 gold pieces.
You spent 1400 gold pieces at shops.


Innate Abilities, Weirdness & Mutations

You are immune to sickness and miasma.
Your stone body is resilient. (AC +11)
You are immune to poison.
Your large and strong wings let you fly.
You resist negative energy. (rN+)
You are resistant to electric shocks. (rElec)
You are resistant to unholy torment.
You are immune to petrification.
You have a pair of small horns on your head.
You are dopey. (Int -2)
You are strong-willed. (Will+)


   Skills:
 - Level 12.0(17.0) Fighting
 + Level 15.1(20.1) Axes
 - Level 6.0(11.0) Throwing
 - Level 10.0(15.0) Armour
 - Level 3.0(8.0) Dodging
 - Level 16.3(21.3) Shields
 - Level 10.0 Invocations


You had 14 spell levels left.
You didn't know any spells.
Your spell library was empty.

Inventory:

Hand Weapons
 y - a +1 demon whip of venom
 Y - a +0 broad axe (weapon)
Missiles
 b - 8 boomerangs
 o - a silver boomerang (quivered)
 s - 3 boomerangs of dispersal
Armour
 h - a +1 pair of gloves (worn)
 r - a +0 pair of boots (worn)
 t - the +3 chain mail "Vikisiowny" (worn) {rPois Regen+ Int-5 Slay+2}
   (Okawaru gifted it to you on level 12 of the Dungeon)

   Int:       It affects your intelligence (-5).
   Slay:      It affects your accuracy & damage with ranged weapons and melee
   (+2).
   rPois:     It protects you from poison.
   Regen:     It increases your rate of health regeneration.
 w - the +4 robe of Limited Liability {rF+ rC++ Will+ Dex+2}
   (You found it on level 6 of the Dungeon)

   Dex:       It affects your dexterity (+2).
   rF:        It protects you from fire.
   rC:        It greatly protects you from cold.
   Will:      It increases your willpower.
 C - a +0 tower shield (worn)
 D - +0 ice dragon scales
Jewellery
 c - a ring of fire
 i - a +6 ring of dexterity
 m - a ring of protection from fire (right hand)
 u - a ring of protection from cold
 v - a +4 ring of slaying (left hand) {mikee}
 x - an amulet of the acrobat (around neck)
 A - a ring of protection from cold
 B - a ring of resist corrosion
Scrolls
 a - 10 scrolls of identify
 n - 9 scrolls of teleportation
Potions
 d - 5 potions of might
 e - 4 potions of magic
 f - 5 potions of heal wounds
 g - 4 potions of haste
 j - 2 potions of lignification
 k - a potion of cancellation
 l - 17 potions of curing
 p - 7 potions of attraction
 q - 4 potions of mutation
 z - 3 potions of resistance

Dungeon Overview and Level Annotations

Branches:
Dungeon (15/15)            Temple (1/1) D:6            Lair (5/5) D:8
  Swamp (0/4) Lair:3        Snake (0/4) Lair:3        Slime (0/5) Lair:4
    Orc (2/2) D:10            Elf (0/3) Orc:2        Vaults (0/5) D:14
 Depths (0/4) D:15

Altars:
Ashenzari
Cheibriados
Dithmenos
Elyvilon
Fedhas
Gozag
Hepliaklqana
Kikubaaqudgha
Makhleb
Nemelex Xobeh
Okawaru
Qazlal
Ru
Sif Muna
Trog
Uskayaw
Vehumet
Wu Jian
Xom
Yredelemnul
Zin
The Shining One
Jiyva

Shops:
D:2 *   Orc:2 ?=(?

Annotations:
D:3 3 runed translucent doors, qw's ghost, amateur GrCA
D:4 2 transporters, qw's ghost, amateur GrFi
Lair:1 3 runed translucent doors, qw's ghost, journeyman GrCA
Orc:2 Donald


Message History

Donald seems to speed up.
Urug hits you with a +0 vampiric great sword.
You hit Urug. Your headbutt misses Urug.
Urug is severely wounded.
Donald says, "So, what is this Orb thing, anyway?"
You block Urug's attack.
You hit Urug.
Urug is severely wounded.
Donald blocks your attack. Donald misses you.
You slice Urug!!
You kill Urug!
Okawaru accepts your kill.
You hit Donald.
Donald hits you with a +2 heavy broad axe!
You hit Donald but do no damage. You headbutt Donald.
Donald is lightly wounded.
Donald hits you but does no damage.
You completely miss Donald. You slash Donald!
Donald is lightly wounded.
Donald hits you with a +2 heavy broad axe!!!
Donald blocks your attack.
Donald is lightly wounded.
You block Donald's attack.
You completely miss Donald.
Donald is lightly wounded.
Donald says, "What's the big idea?!"
You block Donald's attack.
You barely miss Donald.
Donald is lightly wounded.
You hit Donald but do no damage.
Donald is lightly wounded.
Donald hits you with a +2 heavy broad axe!!
23337 ||| READING 10 scrolls of teleportation.
As you read the scroll of teleportation, it crumbles to dust.
You feel strangely unstable.
Donald hits you with a +2 heavy broad axe!!!
Ouch! That really hurt!
You die...

... #~~~##~~¤~¤~ #...
#~~~ ###8.~~ ....
##~~###.....) .....
#~~~#........ ...#.##
#~~##¤.~~¤)). .......###
#~~#\.#####).
......%..###~~##..~~~...
......)...##~¤~#..¤)....
....##)@##.~##~###.).)..
. #)@##.~##~~¤####)..
........~~~¤~¤~~....
...............¤......
..........¤.........)8..
.........¤..............
.........¤¤.~¤¤¤~¤~~)...
....##..##.~##~¤~####...
#.~ #~###.....¤


You could see Donald (fast, strong).

Vanquished Creatures
  Louise (D:15)
  A great orb of eyes (D:13)
  Erolcha (Orc:2)
  2 ice dragons (D:15)
  A hydra (D:13)
  A rakshasa (D:15)
  4 two-headed ogres
  An ogre mage (Orc:2)
  3 catoblepae (Lair:5)
  6 death yaks (Lair:5)
  5 boulder beetles
  5 centaur warriors
  Urug (Orc:2)
  Amaemon (Lair:2)
  Nergalle (Orc:2)
  A death drake (shapeshifter) (D:8)
  2 bog bodies (Lair:3)
  4 orc knights
  A wizard (D:14)
  3 deep elf zephyrmancers (D:14)
  5 deep elf pyromancers
  6 manticores
  14 ugly things
  A salamander (Lair:3)
  7 cyclopes
  7 orc sorcerers (Orc:2)
  6 elephants (Lair:3)
  3 black mambas
  A torpor snail (Lair:5)
  Maurice (Orc:2)
  3 gargoyles
  An orange demon (Lair:2)
  9 cane toads
  An unseen horror (D:11)
  A rime drake (D:8)
  2 kobold demonologists
  4 komodo dragons
  2 freezing wraiths
  An efreet (D:15)
  2 hornets
  2 meliai
  7 trolls
  4 polar bears
  Grinder (D:4)
  A hornet (shapeshifter) (D:15)
  24 blink frogs
  27 slime creatures
  14 dream sheep (Lair:4)
  A culicivora (shapeshifter) (D:13)
  A shadow (D:9)
  10 wyverns
  61 yaks
  3 wraiths
  6 basilisks
  A human (D:10)
  2 steam dragons (D:8)
  A redback simulacrum (D:14)
  9 vampire mosquitoes
  4 wargs
  Edmund (D:4)
  2 swamp worms (Lair:3)
  14 water moccasins
  15 orc warriors
  2 ice beasts (D:8)
  2 black bears
  A sky beast (D:7)
  5 centaurs
  8 ogres
  6 wolves
  2 kobold brigands
  2 phantoms
  20 bullfrogs
  2 scorpions (D:5)
  A gnoll sergeant (D:8)
  4 wights (D:7)
  13 killer bees
  4 electric eels
  3 howler monkeys
  6 lava snakes
  2 hounds
  A jelly (D:5)
  2 gnoll boudas (D:7)
  5 orc priests
  3 iguanas
  Ijyb (D:4)
  33 orc wizards
  10 adders
  16 gnolls
  A shadow imp (D:5)
  A white imp (D:7)
  An ufetubus (D:4)
  3 worms (D:2)
  2 dart slugs
  62 orcs
  19 ball pythons
  12 endoplasms
  5 giant cockroaches
  6 goblins
  10 hobgoblins
  6 jackals
  6 quokkas
  5 bats
  2 frilled lizards
  8 kobolds
  3 rats (D:1)
639 creatures vanquished.

Vanquished Creatures (others)
  A centaur warrior (D:14)
  A wizard (D:14)
  2 orc wizards (Orc:2)
  An orc (Orc:2)
5 creatures vanquished.

Grand Total: 644 creatures vanquished

Notes
Turn   | Place    | Note
-------+----------+-------------------------------------------
     0 | D:1      | qw the Gargoyle Fighter began the quest for the Orb.
     0 | D:1      | Reached XP level 1. HP: 14/14 MP: 1/1
     0 | D:1      | 0 ||| qw: Version: 0.2-a-98-g5d7165a
     0 | D:1      | 0 ||| qw: Game counter: 14
     0 | D:1      | 0 ||| qw: Always use a shield: true
     0 | D:1      | 0 ||| qw: God list: Okawaru
     0 | D:1      | 0 ||| qw: Allow faded altars: false
     0 | D:1      | 0 ||| qw: Do Orc after D:15 true
     0 | D:1      | 0 ||| qw: Do second Lair branch before Depths: true
     0 | D:1      | 0 ||| qw: Lair rune preference: random
     0 | D:1      | 0 ||| qw: Plans: Normal, Zot:1-4, God:TSO, Crypt, Tomb,
                  | Pan, Slime:5, Hells, Abyss, Win
     0 | D:1      | 0 ||| PLANNING D:1-11
    43 | D:1      | 43 ||| Stepping ~*~*~tactically~*~*~ (stealth).
    45 | D:1      | 45 ||| Stepping ~*~*~tactically~*~*~ (stealth).
    46 | D:1      | 46 ||| Stepping ~*~*~tactically~*~*~ (stealth).
    77 | D:1      | Reached XP level 2. HP: 18/19 MP: 2/2
   115 | D:1      | 115 ||| Stepping ~*~*~tactically~*~*~ (stealth).
   256 | D:1      | 256 ||| Stepping ~*~*~tactically~*~*~ (stealth).
   258 | D:1      | 258 ||| Stepping ~*~*~tactically~*~*~ (stealth).
   265 | D:1      | Reached skill level 3 in Axes
   345 | D:1      | Reached XP level 3. HP: 23/23 MP: 3/3
   455 | D:1      | 455 ||| READING 2 scrolls labelled RAOSTR KUSEYGG.
   456 | D:1      | 456 ||| READING scroll labelled VAZIQO DURPHIYF.
   457 | D:1      | 457 ||| READING scroll labelled QUCWYN FEANOUPN.
   625 | D:2      | 625 ||| Stepping ~*~*~tactically~*~*~ (stealth).
   677 | D:2      | 677 ||| Stepping ~*~*~tactically~*~*~ (hiding).
   847 | D:2      | 847 ||| Stepping ~*~*~tactically~*~*~ (stealth).
   848 | D:2      | 848 ||| Stepping ~*~*~tactically~*~*~ (stealth).
   853 | D:2      | 853 ||| Stepping ~*~*~tactically~*~*~ (stealth).
   899 | D:2      | 899 ||| Stepping ~*~*~tactically~*~*~ (stealth).
   907 | D:2      | Reached XP level 4. HP: 28/28 MP: 4/4
   970 | D:2      | Found Xixunur's Assorted Antiques.
   978 | D:2      | 978 ||| SHOPLISTING notched iron ring (145 gold, have 91).
   978 | D:2      | 978 ||| SHOPLISTING potion of might (116 gold, have 91).
   978 | D:2      | 978 ||| BUYING scroll labelled MYIZXE XATEMOVITT (29 gold).
   978 | D:2      | Bought a scroll labelled MYIZXE XATEMOVITT for 29 gold
                  | pieces
   978 | D:2      | 978 ||| SHOPLISTING twitching steel ring (145 gold, have
                  | 62).
  1246 | D:2      | 1246 ||| Stepping ~*~*~tactically~*~*~ (stealth).
  1543 | D:2      | 1543 ||| UPGRADING to +0 chain mail.
  1553 | D:2      | 1553 ||| DROPPING +0 scale mail.
  1554 | D:2      | 1554 ||| DROPPING +3 ring mail.
  1555 | D:2      | 1555 ||| UPGRADING to ring of protection from fire.
  1556 | D:2      | 1556 ||| READING 2 scrolls labelled MYIZXE XATEMOVITT.
  1559 | D:2      | 1559 ||| READING scroll labelled WUELINT RENU.
  1560 | D:2      | 1560 ||| READING scroll labelled OVAUCAVYJE.
  1561 | D:2      | 1561 ||| DRINKING 3 fizzy red potions.
  1562 | D:2      | 1562 ||| READING 2 scrolls of identify.
  1562 | D:2      | 1562 ||| IDENTIFYING viscous clear potion
  1629 | D:3      | 1629 ||| Stepping ~*~*~tactically~*~*~ (stealth).
  1630 | D:3      | 1630 ||| Stepping ~*~*~tactically~*~*~ (stealth).
  1649 | D:3      | 1649 ||| Stepping ~*~*~tactically~*~*~ (hiding).
  1661 | D:3      | Reached XP level 5. HP: 11/32 MP: 5/5
  1676 | D:3      | 1676 ||| Stepping ~*~*~tactically~*~*~ (stealth).
  1752 | D:3      | 1752 ||| DROPPING +0 club.
  1763 | D:3      | Noticed a phantom
  1779 | D:3      | Killed a phantom
  1885 | D:3      | 1885 ||| Stepping ~*~*~tactically~*~*~ (hiding).
  1903 | D:3      | 1903 ||| Stepping ~*~*~tactically~*~*~ (stealth).
  1920 | D:3      | 1920 ||| Stepping ~*~*~tactically~*~*~ (stealth).
  1923 | D:3      | 1923 ||| Stepping ~*~*~tactically~*~*~ (stealth).
  1947 | D:3      | 1947 ||| Stepping ~*~*~tactically~*~*~ (hiding).
  2167 | D:3      | Found a runed translucent gate.
  2167 | D:3      | Noticed qw's ghost (amateur GrCA)
  2168 | D:3      | Found a runed translucent gate.
  2168 | D:3      | Identified the +5 hand axe "Ysungiq" {vamp, Fly rElec
                  | Str-2}
  2168 | D:3      | Identified the +1 leather armour of the Vestibule of Hell
                  | {Will+}
  2171 | D:3      | Found a runed translucent gate.
  2277 | D:3      | Reached XP level 6. HP: 37/37 MP: 6/6
  2298 | D:3      | Reached skill level 1 in Throwing
  2575 | D:3      | 2575 ||| UPGRADING to +0 helmet.
  2580 | D:3      | 2580 ||| UPGRADING to +0 pair of boots.
  2585 | D:3      | 2585 ||| UPGRADING to +6 ring of dexterity.
  2586 | D:3      | 2586 ||| DRINKING 2 orange potions.
  2587 | D:3      | 2587 ||| DRINKING 2 clear potions.
  2588 | D:3      | 2588 ||| READING 2 scrolls of identify.
  2588 | D:3      | 2588 ||| IDENTIFYING pink potion
  2589 | D:3      | 2589 ||| DROPPING potion of degeneration.
  2709 | D:4      | 2709 ||| READING scroll of enchant weapon.
  2709 | D:4      | 2709 ||| ENCHANTING +1 war axe.
  2714 | D:4      | Found a blossoming altar of Fedhas.
  2757 | D:4      | Noticed Grinder
  2759 | D:4      | 2759 ||| Stepping ~*~*~tactically~*~*~ (hiding).
  2764 | D:4      | Paralysed by Grinder for 2 turns
  2772 | D:4      | Paralysed by Grinder for 4 turns
  2781 | D:4      | Paralysed by Grinder for 2 turns
  2785 | D:4      | Paralysed by Grinder for 2 turns
  2789 | D:4      | Killed Grinder
  2790 | D:4      | Reached skill level 3 in Dodging
  2790 | D:4      | Reached XP level 7. HP: 32/42 MP: 7/7
  2813 | D:4      | 2813 ||| Stepping ~*~*~tactically~*~*~ (stealth).
  2857 | D:4      | Found a transporter.
  2865 | D:4      | Noticed Ijyb
  2866 | D:4      | 2866 ||| Stepping ~*~*~tactically~*~*~ (hiding).
  2872 | D:4      | 2872 ||| DRINKING potion of cancellation.
  2880 | D:4      | Killed Ijyb
  3008 | D:4      | Found a snail-covered altar of Cheibriados.
  3055 | D:4      | 3055 ||| Stepping ~*~*~tactically~*~*~ (stealth).
  3085 | D:4      | Found a transporter.
  3175 | D:4      | Noticed qw's ghost (amateur GrFi)
  3210 | D:4      | Found a shadowy altar of Dithmenos.
  3375 | D:4      | 3375 ||| Stepping ~*~*~tactically~*~*~ (stealth).
  3433 | D:4      | Noticed Edmund
  3456 | D:4      | Killed Edmund
  3457 | D:4      | Reached skill level 6 in Axes
  3612 | D:4      | 3612 ||| DROPPING +3 scale mail.
  3613 | D:4      | 3613 ||| READING scroll labelled UTUIBU HEHOI.
  3614 | D:4      | 3614 ||| READING scroll labelled ZEFY ROJAUPHO.
  3615 | D:4      | 3615 ||| READING scroll labelled PABYBA HIAXITI.
  3616 | D:4      | 3616 ||| READING scroll labelled JOGOBU XUACWOBB.
  3617 | D:4      | 3617 ||| READING scroll labelled KACESH ASSAY.
  3618 | D:4      | 3618 ||| READING scroll labelled MAPAUM TEYPP.
  3619 | D:4      | 3619 ||| DRINKING 2 cyan potions.
  3620 | D:4      | 3620 ||| DROPPING potion of flight.
  3638 | D:5      | Entered Level 5 of the Dungeon
  3740 | D:5      | Reached skill level 3 in Throwing
  3740 | D:5      | Reached XP level 8. HP: 47/48 MP: 8/8
  3751 | D:5      | Noticed a hornet
  3761 | D:5      | Killed a hornet
  4002 | D:5      | 4002 ||| Stepping ~*~*~tactically~*~*~ (hiding).
  4005 | D:5      | 4005 ||| Stepping ~*~*~tactically~*~*~ (hiding).
  4006 | D:5      | 4006 ||| Stepping ~*~*~tactically~*~*~ (hiding).
  4011 | D:5      | 4011 ||| DRINKING 4 potions of curing.
  4011 | D:5      | 4011 ||| (to cure confusion)
  4030 | D:5      | 4030 ||| DROPPING +0 whip.
  4073 | D:5      | 4073 ||| DROPPING +1 mace of protection.
  4368 | D:5      | 4368 ||| Stepping ~*~*~tactically~*~*~ (hiding).
  4369 | D:5      | 4369 ||| Stepping ~*~*~tactically~*~*~ (hiding).
  4515 | D:5      | 4515 ||| DRINKING 2 bubbling amethyst potions.
  4515 | D:5      | Gained mutation: You are robust. (+10% HP) [potion of
                  | mutation]
  4515 | D:5      | Gained mutation: You occasionally lose the ability to read
                  | scrolls when taking damage. [potion of mutation]
  4529 | D:5      | 4529 ||| DRINKING potion of mutation.
  4529 | D:5      | Lost mutation: You occasionally lose the ability to read
                  | scrolls when taking damage. [potion of mutation]
  4529 | D:5      | Lost mutation: You are robust. (+10% HP) [potion of
                  | mutation]
  4529 | D:5      | Gained mutation: You are strong-willed. (Will+) [potion of
                  | mutation]
  4529 | D:5      | Gained mutation: You are dopey. (Int -2) [potion of
                  | mutation]
  4529 | D:5      | Gained mutation: You have a pair of small horns on your
                  | head. [potion of mutation]
  4530 | D:5      | 4530 ||| DROPPING +0 helmet.
  4531 | D:5      | 4531 ||| DRINKING 2 purple potions.
  4532 | D:5      | 4532 ||| READING 3 scrolls of identify.
  4532 | D:5      | 4532 ||| IDENTIFYING smoky red potion
  4533 | D:5      | 4533 ||| READING 2 scrolls of identify.
  4533 | D:5      | 4533 ||| IDENTIFYING smoky dark potion
  4534 | D:5      | 4534 ||| DROPPING potion of ambrosia.
  4597 | D:6      | Found a staircase to the Ecumenical Temple.
  4598 | D:6      | 4598 ||| PLANNING TEMPLE
  4631 | Temple   | Entered the Ecumenical Temple
  4722 | Temple   | 4722 ||| PLANNING OKAWARU WORSHIP
  4849 | Temple   | Became a worshipper of Warmaster Okawaru
  4849 | Temple   | 4849 ||| PLANNING D:1-11
  4998 | D:6      | 4998 ||| Stepping ~*~*~tactically~*~*~ (hiding).
  5026 | D:6      | 5026 ||| Stepping ~*~*~tactically~*~*~ (stealth).
  5156 | D:6      | 5156 ||| Stepping ~*~*~tactically~*~*~ (hiding).
  5161 | D:6      | 5161 ||| Stepping ~*~*~tactically~*~*~ (stealth).
  5176 | D:6      | 5176 ||| Stepping ~*~*~tactically~*~*~ (stealth).
  5331 | D:6      | Identified the +4 robe of Limited Liability {rF+ rC++ Will+
                  | Dex+2}
  5560 | D:6      | 5560 ||| UPGRADING to +0 plate armour.
  5570 | D:6      | 5570 ||| DROPPING +0 chain mail.
  5571 | D:6      | 5571 ||| DROPPING amulet of guardian spirit.
  5572 | D:6      | 5572 ||| UPGRADING to +4 ring of slaying {mikee}.
  5574 | D:6      | 5574 ||| UPGRADING to ring of protection from fire.
  5576 | D:6      | 5576 ||| READING scroll labelled BUOTZIOHOPT.
  5608 | D:7      | Reached XP level 9. HP: 54/54 MP: 9/9
  5609 | D:7      | 5609 ||| Stepping ~*~*~tactically~*~*~ (stealth).
  5617 | D:7      | Reached skill level 6 in Fighting
  5618 | D:7      | Reached * piety under Okawaru
  5619 | D:7      | 5619 ||| INVOKING Heroism.
  5630 | D:7      | 5630 ||| INVOKING Heroism.
  5631 | D:7      | 5631 ||| INVOKING Heroism.
  5812 | D:7      | Reached skill level 1 in Invocations
  5934 | D:7      | 5934 ||| INVOKING Heroism.
  5940 | D:7      | Reached skill level 9 in Axes
  5985 | D:7      | 5985 ||| INVOKING Heroism.
  5988 | D:7      | Reached skill level 3 in Invocations
  6042 | D:7      | 6042 ||| Stepping ~*~*~tactically~*~*~ (hiding).
  6043 | D:7      | 6043 ||| Stepping ~*~*~tactically~*~*~ (hiding).
  6048 | D:7      | Reached skill level 4 in Shields
  6235 | D:7      | 6235 ||| INVOKING Heroism.
  6360 | D:7      | Identified the ring "Kih Ano" {Wiz Str-4 Dex+8}
  6375 | D:7      | 6375 ||| INVOKING Heroism.
  6378 | D:7      | Reached XP level 10. HP: 23/63 MP: 10/13
  6644 | D:7      | 6644 ||| DROPPING ring "Kih Ano" {Wiz Str-4 Dex+8}.
  6653 | D:8      | Noticed a cyclops
  6699 | D:8      | 6699 ||| Stepping ~*~*~tactically~*~*~ (stealth).
  6703 | D:8      | 6703 ||| Stepping ~*~*~tactically~*~*~ (hiding).
  6713 | D:8      | Reached skill level 6 in Armour
  6748 | D:8      | Noticed a manticore
  6749 | D:8      | 6749 ||| UPGRADING to +0 pair of gloves.
  6754 | D:8      | 6754 ||| UPGRADING to +0 kite shield.
  6759 | D:8      | 6759 ||| INVOKING Heroism.
  6768 | D:8      | Killed a manticore
  6768 | D:8      | Reached ** piety under Okawaru
  6871 | D:8      | a golden eye changed into a mana viper
  6871 | D:8      | Noticed a mana viper (shapeshifter)
  6906 | D:8      | 6906 ||| UPGRADING to +0 buckler.
  6908 | D:8      | a mana viper changed into a two-headed ogre
  6908 | D:8      | Noticed a two-headed ogre (shapeshifter)
  6911 | D:8      | 6911 ||| UPGRADING to +0 kite shield.
  6916 | D:8      | a two-headed ogre changed into a shock serpent
  6916 | D:8      | Noticed a shock serpent (shapeshifter)
  6921 | D:8      | 6921 ||| DROPPING +0 buckler.
  6928 | D:8      | Noticed a manticore
  6936 | D:8      | a shock serpent changed into a shining eye
  6936 | D:8      | Noticed a shining eye (shapeshifter)
  6943 | D:8      | a shining eye changed into a manticore
  6943 | D:8      | Noticed a manticore (shapeshifter)
  7016 | D:8      | 7016 ||| Stepping ~*~*~tactically~*~*~ (hiding).
  7051 | D:8      | Found a glowing silver altar of Zin.
  7103 | D:8      | Noticed a death drake
  7133 | D:8      | Killed a death drake
  7134 | D:8      | Reached skill level 6 in Shields
  7173 | D:8      | 7173 ||| INVOKING Heroism.
  7179 | D:8      | Killed a cyclops
  7180 | D:8      | Reached skill level 7 in Shields
  7402 | D:8      | 7402 ||| INVOKING Heroism.
  7406 | D:8      | Killed a manticore
  7409 | D:8      | Reached *** piety under Okawaru
  7453 | D:8      | Reached skill level 8 in Shields
  7468 | D:8      | 7468 ||| INVOKING Heroism.
  7482 | D:8      | Received a gift from Okawaru
  7483 | D:8      | Reached skill level 9 in Shields
  7486 | D:8      | Reached XP level 11. HP: 64/67 MP: 14/14
  7502 | D:8      | 7502 ||| Stepping ~*~*~tactically~*~*~ (hiding).
  7505 | D:8      | 7505 ||| INVOKING Heroism.
  7560 | D:8      | Found a staircase to the Lair.
  7809 | D:8      | 7809 ||| PLANNING LAIR
  7863 | Lair:1   | Entered Level 1 of the Lair of Beasts
  7882 | Lair:1   | 7882 ||| INVOKING Heroism.
  8029 | Lair:1   | 8029 ||| INVOKING Heroism.
  8035 | Lair:1   | Received a gift from Okawaru
  8179 | Lair:1   | 8179 ||| INVOKING Heroism.
  8200 | Lair:1   | 8200 ||| INVOKING Heroism.
  8344 | Lair:1   | 8344 ||| Stepping ~*~*~tactically~*~*~ (stealth).
  8345 | Lair:1   | 8345 ||| INVOKING Heroism.
  8407 | Lair:1   | 8407 ||| INVOKING Heroism.
  8511 | Lair:1   | Found a runed translucent gate.
  8511 | Lair:1   | Found a runed translucent gate.
  8511 | Lair:1   | Found a runed translucent gate.
  8566 | Lair:1   | 8566 ||| INVOKING Heroism.
  8583 | Lair:1   | 8583 ||| INVOKING Heroism.
  8887 | Lair:1   | Noticed a ten-headed hydra
  8888 | Lair:1   | Noticed qw's ghost (journeyman GrCA)
  9076 | Lair:1   | 9076 ||| UPGRADING to amulet of the acrobat.
  9081 | Lair:1   | 9081 ||| READING 3 scrolls of identify.
  9081 | Lair:1   | 9081 ||| IDENTIFYING white potion
  9082 | Lair:1   | 9082 ||| READING 2 scrolls of identify.
  9082 | Lair:1   | 9082 ||| IDENTIFYING fuming clear potion
  9083 | Lair:1   | 9083 ||| DROPPING potion of brilliance.
  9344 | Lair:2   | 9344 ||| INVOKING Heroism.
  9346 | Lair:2   | 9346 ||| Stepping ~*~*~tactically~*~*~ (stealth).
  9554 | Lair:2   | Noticed Amaemon
  9555 | Lair:2   | 9555 ||| INVOKING Heroism.
  9576 | Lair:2   | Killed Amaemon
  9576 | Lair:2   | Reached **** piety under Okawaru
  9577 | Lair:2   | Reached skill level 10 in Shields
  9629 | Lair:2   | 9629 ||| DROPPING +0 flail.
  9645 | Lair:2   | 9645 ||| INVOKING Heroism.
  9647 | Lair:2   | 9647 ||| Stepping ~*~*~tactically~*~*~ (stealth).
  9656 | Lair:2   | 9656 ||| Stepping ~*~*~tactically~*~*~ (stealth).
  9662 | Lair:2   | 9662 ||| INVOKING Heroism.
  9669 | Lair:2   | Received a gift from Okawaru
  9692 | Lair:2   | 9692 ||| INVOKING Heroism.
  9697 | Lair:2   | Reached XP level 12. HP: 46/75 MP: 12/16
  9792 | Lair:2   | Reached skill level 9 in Fighting
  9808 | Lair:2   | 9808 ||| INVOKING Heroism.
 10201 | Lair:2   | 10201 ||| DRINKING 2 bubbling cyan potions.
 10289 | Lair:3   | Reached skill level 6 in Invocations
 10291 | Lair:3   | 10291 ||| INVOKING Heroism.
 10296 | Lair:3   | Received a gift from Okawaru
 10331 | Lair:3   | 10331 ||| INVOKING Heroism.
 10339 | Lair:3   | Received a gift from Okawaru
 10588 | Lair:3   | 10588 ||| Stepping ~*~*~tactically~*~*~ (hiding).
 10591 | Lair:3   | 10591 ||| INVOKING Heroism.
 10756 | Lair:3   | 10756 ||| INVOKING Heroism.
 10815 | Lair:3   | Found a staircase to the Snake Pit.
 10820 | Lair:3   | 10820 ||| INVOKING Heroism.
 10963 | Lair:3   | 10963 ||| INVOKING Heroism.
 11112 | Lair:3   | 11112 ||| Stepping ~*~*~tactically~*~*~ (hiding).
 11116 | Lair:3   | 11116 ||| INVOKING Heroism.
 11123 | Lair:3   | Found a staircase to the Swamp.
 11383 | Lair:3   | 11383 ||| READING scroll labelled XUCAZO TETT.
 11521 | Lair:4   | 11521 ||| Stepping ~*~*~tactically~*~*~ (stealth).
 11523 | Lair:4   | 11523 ||| Stepping ~*~*~tactically~*~*~ (stealth).
 11526 | Lair:4   | 11526 ||| Stepping ~*~*~tactically~*~*~ (stealth).
 11528 | Lair:4   | 11528 ||| Stepping ~*~*~tactically~*~*~ (stealth).
 11529 | Lair:4   | 11529 ||| Stepping ~*~*~tactically~*~*~ (stealth).
 11532 | Lair:4   | 11532 ||| Stepping ~*~*~tactically~*~*~ (stealth).
 11533 | Lair:4   | 11533 ||| Stepping ~*~*~tactically~*~*~ (stealth).
 11639 | Lair:4   | Received a gift from Okawaru
 11645 | Lair:4   | 11645 ||| INVOKING Heroism.
 11651 | Lair:4   | Reached skill level 9 in Invocations
 11662 | Lair:4   | Reached skill level 12 in Axes
 11665 | Lair:4   | Reached ***** piety under Okawaru
 11671 | Lair:4   | Reached XP level 13. HP: 32/80 MP: 18/20
 11716 | Lair:4   | 11716 ||| INVOKING Heroism.
 11842 | Lair:4   | Found a viscous altar of Jiyva.
 11842 | Lair:4   | Found a staircase to the Slime Pits.
 11887 | Lair:4   | 11887 ||| INVOKING Heroism.
 11889 | Lair:4   | 11889 ||| Stepping ~*~*~tactically~*~*~ (stealth).
 12047 | Lair:4   | 12047 ||| READING scroll of enchant weapon.
 12047 | Lair:4   | 12047 ||| ENCHANTING +2 war axe.
 12152 | Lair:4   | Reached skill level 9 in Armour
 12436 | Lair:5   | Entered Level 5 of the Lair of Beasts
 12441 | Lair:5   | 12441 ||| STAIRDANCE
 12444 | Lair:4   | 12444 ||| INVOKING Heroism.
 12566 | Lair:5   | 12566 ||| Stepping ~*~*~tactically~*~*~ (stealth).
 12579 | Lair:5   | 12579 ||| INVOKING Heroism.
 12587 | Lair:5   | Received a gift from Okawaru
 12608 | Lair:5   | 12608 ||| INVOKING Heroism.
 12610 | Lair:5   | 12610 ||| PLANNING LAIR
 12630 | Lair:5   | 12630 ||| INVOKING Heroism.
 12654 | Lair:5   | 12654 ||| Stepping ~*~*~tactically~*~*~ (stealth).
 12655 | Lair:5   | 12655 ||| Stepping ~*~*~tactically~*~*~ (stealth).
 12656 | Lair:5   | 12656 ||| Stepping ~*~*~tactically~*~*~ (stealth).
 12782 | Lair:5   | 12782 ||| Stepping ~*~*~tactically~*~*~ (stealth).
 12784 | Lair:5   | 12784 ||| Stepping ~*~*~tactically~*~*~ (stealth).
 12794 | Lair:5   | Received a gift from Okawaru
 12809 | Lair:5   | 12809 ||| Stepping ~*~*~tactically~*~*~ (stealth).
 12810 | Lair:5   | 12810 ||| Stepping ~*~*~tactically~*~*~ (stealth).
 12908 | Lair:5   | 12908 ||| INVOKING Heroism.
 13079 | Lair:5   | 13079 ||| Stepping ~*~*~tactically~*~*~ (stealth).
 13081 | Lair:5   | 13081 ||| INVOKING Heroism.
 13085 | Lair:5   | 13085 ||| Stepping ~*~*~tactically~*~*~ (stealth).
 13102 | Lair:5   | 13102 ||| Stepping ~*~*~tactically~*~*~ (stealth).
 13120 | Lair:5   | 13120 ||| Stepping ~*~*~tactically~*~*~ (stealth).
 13180 | Lair:5   | 13180 ||| INVOKING Heroism.
 13342 | Lair:5   | 13342 ||| INVOKING Heroism.
 13343 | Lair:5   | 13343 ||| INVOKING Finesse.
 13359 | Lair:5   | Received a gift from Okawaru
 13460 | Lair:5   | 13460 ||| INVOKING Heroism.
 13527 | Lair:5   | 13527 ||| INVOKING Heroism.
 13588 | Lair:5   | 13588 ||| Stepping ~*~*~tactically~*~*~ (stealth).
 13590 | Lair:5   | 13590 ||| Stepping ~*~*~tactically~*~*~ (stealth).
 13598 | Lair:5   | Reached skill level 11 in Shields
 13599 | Lair:5   | 13599 ||| INVOKING Heroism.
 13614 | Lair:5   | 13614 ||| INVOKING Finesse.
 13620 | Lair:5   | Received a gift from Okawaru
 13760 | Lair:5   | 13760 ||| Stepping ~*~*~tactically~*~*~ (stealth).
 13762 | Lair:5   | 13762 ||| INVOKING Heroism.
 13781 | Lair:5   | Received a gift from Okawaru
 13944 | Lair:5   | 13944 ||| Stepping ~*~*~tactically~*~*~ (stealth).
 13946 | Lair:5   | 13946 ||| Stepping ~*~*~tactically~*~*~ (stealth).
 13951 | Lair:5   | 13951 ||| INVOKING Heroism.
 13965 | Lair:5   | Gained mutation: Your large and strong wings let you fly.
                  | [Gargoyle growth]
 13965 | Lair:5   | Reached XP level 14. HP: 83/88 MP: 19/21
 14023 | Lair:5   | 14023 ||| INVOKING Heroism.
 14083 | Lair:5   | Identified the +5 scale mail of Foigec {*Corrode rElec
                  | Int+5 Stlth+}
 14469 | Lair:5   | 14469 ||| PLANNING D:1-11
 14665 | D:9      | 14665 ||| Stepping ~*~*~tactically~*~*~ (hiding).
 14674 | D:9      | 14674 ||| INVOKING Heroism.
 14676 | D:9      | 14676 ||| Stepping ~*~*~tactically~*~*~ (stealth).
 14677 | D:9      | 14677 ||| PLANNING D:1-11
 14695 | D:9      | 14695 ||| Stepping ~*~*~tactically~*~*~ (stealth).
 14697 | D:9      | 14697 ||| Stepping ~*~*~tactically~*~*~ (stealth).
 14703 | D:9      | 14703 ||| Stepping ~*~*~tactically~*~*~ (hiding).
 14721 | D:9      | 14721 ||| Stepping ~*~*~tactically~*~*~ (hiding).
 14723 | D:9      | 14723 ||| Stepping ~*~*~tactically~*~*~ (hiding).
 14733 | D:9      | Received a gift from Okawaru
 14755 | D:9      | 14755 ||| Stepping ~*~*~tactically~*~*~ (stealth).
 14867 | D:9      | 14867 ||| Stepping ~*~*~tactically~*~*~ (hiding).
 14975 | D:9      | 14975 ||| READING scroll of enchant weapon.
 14975 | D:9      | 14975 ||| ENCHANTING +3 war axe.
 15064 | D:9      | 15064 ||| Stepping ~*~*~tactically~*~*~ (hiding).
 15073 | D:9      | 15073 ||| Stepping ~*~*~tactically~*~*~ (stealth).
 15144 | D:9      | 15144 ||| Stepping ~*~*~tactically~*~*~ (hiding).
 15370 | D:9      | 15370 ||| Stepping ~*~*~tactically~*~*~ (hiding).
 15371 | D:9      | 15371 ||| Stepping ~*~*~tactically~*~*~ (hiding).
 15383 | D:9      | 15383 ||| Stepping ~*~*~tactically~*~*~ (stealth).
 15599 | D:10     | Entered Level 10 of the Dungeon
 15607 | D:10     | 15607 ||| STAIRDANCE
 15647 | D:10     | 15647 ||| STAIRDANCE
 15733 | D:10     | 15733 ||| Stepping ~*~*~tactically~*~*~ (stealth).
 15752 | D:10     | Found a staircase to the Orcish Mines.
 15799 | D:10     | 15799 ||| Stepping ~*~*~tactically~*~*~ (stealth).
 15870 | D:10     | 15870 ||| Stepping ~*~*~tactically~*~*~ (stealth).
 15886 | D:10     | 15886 ||| Stepping ~*~*~tactically~*~*~ (hiding).
 15888 | D:10     | 15888 ||| Stepping ~*~*~tactically~*~*~ (hiding).
 16267 | D:10     | 16267 ||| Stepping ~*~*~tactically~*~*~ (stealth).
 16572 | D:11     | 16572 ||| PLANNING GAUNTLET
 16704 | D:11     | 16704 ||| INVOKING Heroism.
 16907 | D:11     | 16907 ||| SWAPPING to +0 broad axe.
 16914 | D:11     | 16914 ||| DROPPING +4 war axe.
 16962 | D:11     | 16962 ||| INVOKING Heroism.
 16966 | D:11     | Reached skill level 12 in Shields
 17017 | D:11     | 17017 ||| RIP GAUNTLET
 17055 | D:11     | 17055 ||| PLANNING D:1-11
 17335 | D:11     | 17335 ||| Stepping randomly (disturbance).
 17336 | D:11     | 17336 ||| Stepping randomly (disturbance).
 17337 | D:11     | 17337 ||| Stepping randomly (disturbance).
 17340 | D:11     | 17340 ||| Stepping randomly (disturbance).
 17393 | D:11     | 17393 ||| Stepping ~*~*~tactically~*~*~ (stealth).
 17396 | D:11     | 17396 ||| Stepping ~*~*~tactically~*~*~ (stealth).
 17404 | D:11     | 17404 ||| INVOKING Heroism.
 17405 | D:11     | 17405 ||| Stepping ~*~*~tactically~*~*~ (stealth).
 17580 | D:11     | 17580 ||| PLANNING D
 17580 | D:11     | 17580 ||| UPGRADING to +0 tower shield.
 17590 | D:11     | 17590 ||| DROPPING +0 kite shield.
 17591 | D:11     | 17591 ||| DROPPING +0 pair of gloves of hurling.
 17592 | D:11     | 17592 ||| READING scroll labelled XEAKATIWNI.
 17592 | D:11     | Identified a scroll of acquirement
 17592 | D:11     | 17592 ||| ACQUIRING +1 plate armour of Minor Irritation
                  | {Int+4}
 17592 | D:11     | Acquired the +1 plate armour of Minor Irritation {Int+4}
 17594 | D:11     | 17594 ||| UPGRADING to +1 plate armour of Minor Irritation
                  | {Int+4}.
 17604 | D:11     | 17604 ||| DROPPING +0 plate armour.
 17605 | D:11     | 17605 ||| READING 5 scrolls of identify.
 17605 | D:11     | 17605 ||| IDENTIFYING bubbling green potion
 17606 | D:11     | 17606 ||| DROPPING potion of berserk rage.
 18031 | D:12     | Identified the +3 chain mail "Vikisiowny" {rPois Regen+
                  | Int-5 Slay+2} (Okawaru gifted it to you on level 12 of the
                  | Dungeon)
 18031 | D:12     | Received a gift from Okawaru
 18128 | D:12     | 18128 ||| Stepping ~*~*~tactically~*~*~ (stealth).
 18132 | D:12     | 18132 ||| Stepping ~*~*~tactically~*~*~ (stealth).
 18392 | D:12     | 18392 ||| INVOKING Heroism.
 18708 | D:12     | 18708 ||| UPGRADING to +3 chain mail "Vikisiowny" {rPois
                  | Regen+ Int-5 Slay+2}.
 18718 | D:12     | 18718 ||| DROPPING +1 plate armour of Minor Irritation
                  | {Int+4}.
 18719 | D:12     | 18719 ||| READING 9 scrolls of identify.
 18719 | D:12     | 18719 ||| IDENTIFYING fuming ruby potion
 18720 | D:12     | 18720 ||| DROPPING potion of invisibility.
 18759 | D:13     | 18759 ||| INVOKING Heroism.
 18760 | D:13     | 18760 ||| INVOKING Finesse.
 18771 | D:13     | Reached skill level 13 in Shields
 18825 | D:13     | 18825 ||| Stepping ~*~*~tactically~*~*~ (hiding).
 18827 | D:13     | 18827 ||| Stepping ~*~*~tactically~*~*~ (hiding).
 18830 | D:13     | 18830 ||| Stepping ~*~*~tactically~*~*~ (hiding).
 18876 | D:13     | 18876 ||| Stepping ~*~*~tactically~*~*~ (stealth).
 18901 | D:13     | 18901 ||| INVOKING Heroism.
 18902 | D:13     | 18902 ||| SWAPPING to +1 demon whip of venom.
 18914 | D:13     | 18914 ||| SWAPPING to +0 broad axe.
 18970 | D:13     | 18970 ||| Stepping ~*~*~tactically~*~*~ (hiding).
 18971 | D:13     | 18971 ||| Stepping ~*~*~tactically~*~*~ (hiding).
 19109 | D:13     | 19109 ||| INVOKING Heroism.
 19125 | D:13     | Reached skill level 14 in Shields
 19140 | D:13     | Found a sacrificial altar of Ru.
 19160 | D:13     | Reached XP level 15. HP: 94/94 MP: 22/22
 19185 | D:13     | 19185 ||| Stepping ~*~*~tactically~*~*~ (hiding).
 19549 | D:13     | 19549 ||| DROPPING ring of wizardry.
 19594 | D:14     | 19594 ||| Stepping ~*~*~tactically~*~*~ (hiding).
 19595 | D:14     | 19595 ||| Stepping ~*~*~tactically~*~*~ (hiding).
 19673 | D:14     | 19673 ||| Stepping ~*~*~tactically~*~*~ (hiding).
 19674 | D:14     | 19674 ||| Stepping ~*~*~tactically~*~*~ (hiding).
 19675 | D:14     | 19675 ||| Stepping ~*~*~tactically~*~*~ (hiding).
 19681 | D:14     | 19681 ||| Stepping ~*~*~tactically~*~*~ (hiding).
 19683 | D:14     | 19683 ||| Stepping ~*~*~tactically~*~*~ (hiding).
 19684 | D:14     | 19684 ||| Stepping ~*~*~tactically~*~*~ (hiding).
 19685 | D:14     | 19685 ||| Stepping ~*~*~tactically~*~*~ (hiding).
 19703 | D:14     | Reached skill level 15 in Shields
 19749 | D:14     | 19749 ||| Stepping ~*~*~tactically~*~*~ (stealth).
 19751 | D:14     | 19751 ||| Stepping ~*~*~tactically~*~*~ (hiding).
 19873 | D:14     | 19873 ||| Stepping ~*~*~tactically~*~*~ (stealth).
 19880 | D:14     | 19880 ||| INVOKING Heroism.
 19984 | D:14     | Identified the +1 helmet of the Vestibule of Hell {Regen+
                  | SInv}
 20055 | D:14     | 20055 ||| Stepping ~*~*~tactically~*~*~ (hiding).
 20058 | D:14     | 20058 ||| Stepping ~*~*~tactically~*~*~ (hiding).
 20064 | D:14     | 20064 ||| Stepping ~*~*~tactically~*~*~ (hiding).
 20065 | D:14     | 20065 ||| Stepping ~*~*~tactically~*~*~ (hiding).
 20066 | D:14     | 20066 ||| Stepping ~*~*~tactically~*~*~ (hiding).
 20080 | D:14     | Found a gate to the Vaults.
 20254 | D:14     | 20254 ||| Stepping ~*~*~tactically~*~*~ (stealth).
 20277 | D:14     | 20277 ||| Stepping ~*~*~tactically~*~*~ (hiding).
 20281 | D:14     | 20281 ||| INVOKING Heroism.
 20468 | D:14     | 20468 ||| INVOKING Heroism.
 20469 | D:14     | 20469 ||| Stepping ~*~*~tactically~*~*~ (stealth).
 20489 | D:14     | Received a gift from Okawaru
 20709 | D:14     | Reached skill level 16 in Shields
 21364 | D:15     | Entered Level 15 of the Dungeon
 21408 | D:15     | Noticed Louise
 21409 | D:15     | 21409 ||| Stepping ~*~*~tactically~*~*~ (hiding).
 21411 | D:15     | 21411 ||| INVOKING Heroism.
 21446 | D:15     | Killed Louise
 21497 | D:15     | 21497 ||| INVOKING Heroism.
 21500 | D:15     | 21500 ||| Stepping ~*~*~tactically~*~*~ (stealth).
 21514 | D:15     | 21514 ||| Stepping ~*~*~tactically~*~*~ (hiding).
 21516 | D:15     | 21516 ||| Stepping ~*~*~tactically~*~*~ (hiding).
 21576 | D:15     | 21576 ||| INVOKING Heroism.
 21587 | D:15     | Reached skill level 6 in Throwing
 21875 | D:15     | Identified the +0 scale mail of Egi Fuoni {Int+8}
 21902 | D:15     | 21902 ||| Stepping ~*~*~tactically~*~*~ (hiding).
 21906 | D:15     | 21906 ||| INVOKING Heroism.
 21965 | D:15     | Found a staircase to the Depths.
 22037 | D:15     | 22037 ||| PLANNING ORC
 22037 | D:15     | 22037 ||| DROPPING ring of magical power.
 22126 | Orc:1    | Entered Level 1 of the Orcish Mines
 22184 | Orc:1    | 22184 ||| Stepping ~*~*~tactically~*~*~ (hiding).
 22185 | Orc:1    | 22185 ||| Stepping ~*~*~tactically~*~*~ (hiding).
 22186 | Orc:1    | 22186 ||| INVOKING Heroism.
 22218 | Orc:1    | Reached skill level 15 in Axes
 22218 | Orc:1    | 22218 ||| Stepping ~*~*~tactically~*~*~ (hiding).
 22463 | Orc:2    | Entered Level 2 of the Orcish Mines
 22555 | Orc:1    | 22555 ||| Stepping ~*~*~tactically~*~*~ (stealth).
 22559 | Orc:1    | 22559 ||| Stepping ~*~*~tactically~*~*~ (stealth).
 22648 | Orc:1    | 22648 ||| INVOKING Heroism.
 22656 | Orc:1    | Found an iron altar of Okawaru.
 22759 | Orc:2    | Found a staircase to the Elven Halls.
 22761 | Orc:2    | Noticed Donald
 22762 | Orc:2    | 22762 ||| INVOKING Heroism.
 22769 | Orc:2    | HP: 20/95 [Donald/+2 heavy broad axe (48)]
 22770 | Orc:2    | 22770 ||| READING 8 scrolls of teleportation.
 22771 | Orc:2    | 22771 ||| DRINKING 7 potions of heal wounds.
 22774 | Orc:2    | HP: 18/95 [Donald/+2 heavy broad axe (24)]
 22775 | Orc:2    | 22775 ||| DRINKING 6 potions of heal wounds.
 22775 | Orc:2    | Found Kah Soryucs's Magic Scroll Emporium.
 22779 | Orc:2    | 22779 ||| Stepping ~*~*~tactically~*~*~ (hiding).
 22799 | Orc:2    | 22799 ||| Stepping ~*~*~tactically~*~*~ (hiding).
 22801 | Orc:2    | 22801 ||| Stepping ~*~*~tactically~*~*~ (hiding).
 22802 | Orc:2    | 22802 ||| Stepping ~*~*~tactically~*~*~ (hiding).
 22803 | Orc:2    | 22803 ||| INVOKING Heroism.
 22821 | Orc:2    | 22821 ||| Stepping ~*~*~tactically~*~*~ (stealth).
 22836 | Orc:2    | 22836 ||| Stepping ~*~*~tactically~*~*~ (hiding).
 22947 | Orc:2    | 22947 ||| BUYING scroll of enchant armour (135 gold).
 22947 | Orc:2    | Bought a scroll of enchant armour for 135 gold pieces
 22947 | Orc:2    | 22947 ||| BUYING scroll of identify (36 gold).
 22947 | Orc:2    | Bought a scroll of identify for 36 gold pieces
 22947 | Orc:2    | 22947 ||| BUYING scroll of teleportation (54 gold).
 22947 | Orc:2    | Bought a scroll of teleportation for 54 gold pieces
 22947 | Orc:2    | 22947 ||| READING scroll of enchant armour.
 22947 | Orc:2    | 22947 ||| ENCHANTING +0 pair of gloves.
 22953 | Orc:2    | 22953 ||| Stepping ~*~*~tactically~*~*~ (hiding).
 22954 | Orc:2    | 22954 ||| Stepping ~*~*~tactically~*~*~ (hiding).
 22955 | Orc:2    | 22955 ||| Stepping ~*~*~tactically~*~*~ (hiding).
 22957 | Orc:2    | 22957 ||| INVOKING Heroism.
 22969 | Orc:2    | 22969 ||| Stepping ~*~*~tactically~*~*~ (stealth).
 22972 | Orc:2    | 22972 ||| Stepping ~*~*~tactically~*~*~ (hiding).
 22973 | Orc:2    | 22973 ||| Stepping ~*~*~tactically~*~*~ (hiding).
 22974 | Orc:2    | 22974 ||| Stepping ~*~*~tactically~*~*~ (hiding).
 22975 | Orc:2    | 22975 ||| Stepping ~*~*~tactically~*~*~ (hiding).
 23040 | Orc:2    | 23040 ||| INVOKING Heroism.
 23064 | Orc:2    | Found Bohi's Jewellery Shoppe.
 23071 | Orc:2    | 23071 ||| INVOKING Heroism.
 23090 | Orc:2    | 23090 ||| BUYING ring of fire (375 gold).
 23090 | Orc:2    | Bought a ring of fire for 375 gold pieces
 23090 | Orc:2    | 23090 ||| BUYING ring of protection from cold (375 gold).
 23090 | Orc:2    | Bought a ring of protection from cold for 375 gold pieces
 23090 | Orc:2    | 23090 ||| BUYING ring of resist corrosion (300 gold).
 23090 | Orc:2    | Bought a ring of resist corrosion for 300 gold pieces
 23107 | Orc:2    | Found an ancient bone altar of Kikubaaqudgha.
 23107 | Orc:2    | Paralysed by an orc sorcerer for 4 turns
 23109 | Orc:2    | Noticed Nergalle
 23114 | Orc:2    | 23114 ||| Stepping ~*~*~tactically~*~*~ (hiding).
 23115 | Orc:2    | 23115 ||| Stepping ~*~*~tactically~*~*~ (hiding).
 23125 | Orc:2    | Killed Nergalle
 23126 | Orc:2    | Reached skill level 12 in Fighting
 23128 | Orc:2    | 23128 ||| Stepping ~*~*~tactically~*~*~ (hiding).
 23132 | Orc:2    | 23132 ||| INVOKING Heroism.
 23152 | Orc:2    | Noticed Erolcha
 23169 | Orc:2    | Killed Erolcha
 23173 | Orc:2    | 23173 ||| Stepping ~*~*~tactically~*~*~ (stealth).
 23182 | Orc:2    | Found a radiant altar of Vehumet.
 23210 | Orc:2    | 23210 ||| INVOKING Heroism.
 23210 | Orc:2    | Found Fyomats's Antique Weapon Shoppe.
 23211 | Orc:2    | Found Nunidiz's Magic Scroll Emporium.
 23229 | Orc:2    | 23229 ||| Stepping randomly (disturbance).
 23230 | Orc:2    | 23230 ||| Stepping randomly (disturbance).
 23257 | Orc:2    | 23257 ||| BUYING scroll of teleportation (48 gold).
 23257 | Orc:2    | Bought a scroll of teleportation for 48 gold pieces
 23257 | Orc:2    | 23257 ||| BUYING scroll of teleportation (48 gold).
 23257 | Orc:2    | Bought a scroll of teleportation for 48 gold pieces
 23302 | Orc:2    | Noticed Maurice
 23310 | Orc:2    | Killed Maurice
 23315 | Orc:2    | 23315 ||| INVOKING Heroism.
 23317 | Orc:2    | Noticed Urug
 23329 | Orc:2    | Killed Urug
 23336 | Orc:2    | HP: 6/96 [Donald/+2 heavy broad axe (29)]
 23337 | Orc:2    | 23337 ||| READING 10 scrolls of teleportation.
 23337 | Orc:2    | Annihilated by Donald

Levels and vault maps discovered:
D:1:      dpeg_arrival_shrine, layout_basic
D:2:      layout_loops_corners, serial_shops, nicolae_shop_advertising_works
          [nicolae_subvault_shop_adworks]
D:3:      layout_rooms, biasface_ghost_orc_armoury, minmay_snake_closets
D:4:      layout_loops_ring, grunt_dithmenos_smoke, lemuel_tele_altar,
          mainiacjoe_overflow_alcove_4, gammafunk_ghost_mausoleum, uniq_grinder,
          uniq_edmund, uniq_ijyb
D:5:      layout_loops_cross
D:6:      lemuel_ice_spiral_2, layout_basic, minmay_temple_entry_overgrown
D:7:      layout_basic
D:8:      layout_basic, mainiacjoe_overflow_alcove_2, hellmonk_lair_entry_icy,
          minmay_diamond_spiral
D:9:      minmay_bloctagon, layout_loops_ring, kennysheep_opposing_triangles
D:10:     layout_loops_ring, erik_orc_4, mrwooster_statue_mirror,
          roderic_lattice_a
D:11:     layout_long_grid, gauntlet_entry_generic
D:12:     layout_basic, serial_park_tiny_pond
D:13:     layout_rooms, minmay_ruined_shrine
D:14:     layout_layer_cave, david_vaults_1, patterned_corridor,
          bh_hangedman_babel_library
D:15:     grunt_enter_depths_hoard, layout_cave_pools, hex_tiny, uniq_louise
Temple:   mainiacjoe_temple_bowtie_tessellation
Lair:1:   layout_cave_pods, gammafunk_ghost_hydra_chop,
          eino_small_chamber_without_monster, serial_bayou_lagoon_b
Lair:2:   layout_roguey, uniq_amaemon
Lair:3:   layout_cave_shapes, nicolae_swamp_entry_splash_gauntlet,
          nicolae_snake_entry_warm_welcome
Lair:4:   layout_long_grid, dpeg_slime_entry_corner
Lair:5:   evilmike_catoblepas_cave, layout_misc_corridors, nzn_sisyphean_effort,
          grunt_megastairs_2, infiniplex_staircase_pool
Orc:1:    nicolae_orc_accident_1, layout_diamond_mine, basic_altar,
          okawaru_metal_pillars_1_2
Orc:2:    kennysheep_orc_mage_school, layout_diamond_mine, serial_shops,
          nicolae_shop_peninsula, uniq_erolcha, uniq_maurice, uniq_donald,
          uniq_urug

Skill      XL: |  1  2  3  4  5  6  7  8  9 10 11 12 13 14 15 |
---------------+----------------------------------------------+-----
Axes           | 2 3 4 5 6 8 9 11 12 13 14 15 | 15.1
Throwing       | 1 3 4 5 6 |  6.0
Dodging        | 3 |  3.0
Fighting       | 4 5 7 8 9 10 11 12 | 12.0
Armour         | 5 6 7 8 9 10 | 10.0
Invocations    | 4 5 9 10 | 10.0
Shields        | 4 9 10 11 14 16 | 16.3

Action                     |  1- 3 |  4- 6 |  7- 9 | 10-12 | 13-15 || total
---------------------------+-------+-------+-------+-------+-------++-------
  Melee: War axe           |   110 |   191 |   163 |   381 |   450 ||  1295
         Headbutt          |       |       |    12 |    75 |   253 ||   340
         Broad axe         |       |       |       |       |   524 ||   524
         Demon whip        |       |       |       |       |    11 ||    11
  Throw: Boomerang         |       |    13 |    30 |    26 |    50 ||   119
         Javelin           |       |       |    33 |    75 |   193 ||   301
 Invoke: Heroism           |       |       |     6 |    27 |    41 ||    74
         Finesse           |       |       |       |       |     3 ||     3
    Use: Scroll            |     3 |     6 |     9 |     3 |     8 ||    29
         Potion            |       |     3 |     6 |     1 |     2 ||    12
 Armour: Scale mail        |    50 |    28 |       |       |       ||    78
         Chain mail        |       |    86 |    45 |       |   147 ||   278
         Plate armour      |       |       |    24 |   168 |   206 ||   398
  Dodge: Dodged            |    37 |    68 |    49 |    84 |   212 ||   450
  Block: Buckler           |    16 |    33 |    33 |     2 |       ||    84
         Kite shield       |       |       |       |   172 |   191 ||   363
         Tower shield      |       |       |       |       |   359 ||   359

Table legend:
 A = Non-vault XP
 B = Vault XP
 C = Vault XP percentage of total XP
 D = Non-vault monster count
 E = Vault monster count
 F = Vault count percentage of total count
                 A         B        C        D         E       F
            +---------+---------+-------+---------+---------+-------
      Total |   84941 |   43417 |  33.8 |     489 |     152 |  23.7
            +---------+---------+-------+---------+---------+-------
        D:1 |      43 |       0 |   0.0 |      26 |       0 |   0.0
        D:2 |      82 |       0 |   0.0 |      32 |       0 |   0.0
        D:3 |     183 |      77 |  29.6 |      17 |      11 |  39.3
        D:4 |      75 |     467 |  86.2 |      11 |       3 |  21.4
        D:5 |     969 |       0 |   0.0 |      18 |       0 |   0.0
        D:6 |     401 |       0 |   0.0 |      13 |       0 |   0.0
        D:7 |    2478 |       0 |   0.0 |      37 |       0 |   0.0
        D:8 |    1081 |    4131 |  79.3 |      16 |      12 |  42.9
        D:9 |    1325 |    3755 |  73.9 |      20 |      21 |  51.2
       D:10 |    2457 |     490 |  16.6 |      14 |      14 |  50.0
       D:11 |    5553 |       0 |   0.0 |      16 |       0 |   0.0
       D:12 |    6046 |       0 |   0.0 |      30 |       0 |   0.0
       D:13 |    9559 |    1613 |  14.4 |      20 |       4 |  16.7
       D:14 |    8498 |    4712 |  35.7 |      21 |       8 |  27.6
       D:15 |   10226 |    2938 |  22.3 |      23 |       3 |  11.5
     Lair:1 |    3963 |       0 |   0.0 |      21 |       0 |   0.0
     Lair:2 |    4720 |    1194 |  20.2 |      22 |       2 |   8.3
     Lair:3 |    4669 |    2466 |  34.6 |      15 |      10 |  40.0
     Lair:4 |    7598 |     569 |   7.0 |      35 |       2 |   5.4
     Lair:5 |   11163 |   11768 |  51.3 |      43 |      24 |  35.8
      Orc:1 |    2583 |    1056 |  29.0 |      34 |       4 |  10.5
      Orc:2 |    1269 |    8181 |  86.6 |       5 |      34 |  87.2
            +---------+---------+-------+---------+---------+-------
